TOP OF THE 1ST |
Ft. Worth Cattlemen batting - Pitching for Detroit Renaissance : RHP Maru Pao Pao
|
Pitching: RHP Maru Pao Pao
|
|
Batting: LHB Jesús Morales
|
0-0: Fly out, F8 (Line Drive, 78D)
|
Batting: LHB Chris Etheridge
|
0-0: Ball 1-0: Ball 2-0: Ball 3-0: Base on Balls
|
Batting: RHB Bart Lewis
|
0-0: Ball Chris Etheridge steals 2nd base 1-0: Swinging Strike 1-1: Ball 2-1: Ball Chris Etheridge steals 3rd base 3-1: Foul Ball, location: 2F 3-2: Foul Ball, location: 2F 3-2: Foul Ball, location: 2F 3-2: Strikes out swinging
|
Batting: LHB Rick Mayfield
|
0-0: Called Strike 0-1: Ground out 4-3 (Groundball, 4)
|
Top of the 1st over - 0 runs, 0 hits, 0 errors, 1 left on base; Ft. Worth 0 - Detroit 0 |
BOTTOM OF THE 1ST |
Detroit Renaissance batting - Pitching for Ft. Worth Cattlemen : RHP Jorge Rivera
|
Pitching: RHP Jorge Rivera
|
|
Batting: LHB Alexis Raimbault
|
0-0: Foul Ball, location: 2F 0-1: Foul Ball, location: 2F 0-2: Ball 1-2: Strikes out swinging
|
Batting: RHB Juan Cabrera
|
0-0: Ball 1-0: Ball 2-0: Swinging Strike 2-1: Foul Ball, location: 2F 2-2: Foul Ball, location: 2F 2-2: Strikes out swinging
|
Batting: LHB Bartolo Benítez
|
0-0: Called Strike 0-1: Ball 1-1: Foul Ball, location: 2F 1-2: Strikes out swinging
|
Bottom of the 1st over - 0 runs, 0 hits, 0 errors, 0 left on base; Ft. Worth 0 - Detroit 0 |
TOP OF THE 2ND |
Ft. Worth Cattlemen batting - Pitching for Detroit Renaissance : RHP Maru Pao Pao
|
Batting: SHB Marcos Roa
|
0-0: Ground out 4-3 (Groundball, 4)
|
Batting: RHB Gilberto Juárez
|
0-0: Fly out, F7 (Flyball, 78D)
|
Batting: LHB Nobuo Yamashita
|
0-0: Swinging Strike 0-1: Ball 1-1: Foul Ball, location: 2F 1-2: Foul Ball, location: 2F 1-2: Strikes out looking
|
Top of the 2nd over - 0 runs, 0 hits, 0 errors, 0 left on base; Ft. Worth 0 - Detroit 0 |
BOTTOM OF THE 2ND |
Detroit Renaissance batting - Pitching for Ft. Worth Cattlemen : RHP Jorge Rivera
|
Batting: LHB Yoichibei Sato
|
0-0: Called Strike 0-1: Ground out 5-3 (Groundball, 56)
|
Batting: RHB Quincy van Enk
|
0-0: Swinging Strike 0-1: Ball 1-1: Ball 2-1: Ground out 4-3 (Groundball, 4)
|
Batting: RHB António Padilla
|
0-0: Ball 1-0: Called Strike 1-1: Foul Ball, location: 2F 1-2: Ball 2-2: Fly out, F9 (Flyball, 9D)
|
Bottom of the 2nd over - 0 runs, 0 hits, 0 errors, 0 left on base; Ft. Worth 0 - Detroit 0 |
TOP OF THE 3RD |
Ft. Worth Cattlemen batting - Pitching for Detroit Renaissance : RHP Maru Pao Pao
|
Batting: SHB Javier Vázquez
|
0-0: Ball 1-0: Called Strike 1-1: SINGLE (Flyball, 7LM)
|
Batting: RHB Lloyd Alberink
|
0-0: Called Strike 0-1: Called Strike 0-2: Strikes out swinging
|
Batting: LHB Jesús Morales
|
0-0: Grounds into double play, 6-4-3 (Groundball, 6)
|
Top of the 3rd over - 0 runs, 1 hit, 0 errors, 0 left on base; Ft. Worth 0 - Detroit 0 |
BOTTOM OF THE 3RD |
Detroit Renaissance batting - Pitching for Ft. Worth Cattlemen : RHP Jorge Rivera
|
Batting: RHB Sixto Estrada
|
0-0: Ball 1-0: SINGLE (Line Drive, 6MD)
|
Batting: RHB Takashi Miike
|
0-0: SINGLE (Line Drive, 78S) Sixto Estrada to second
|
Batting: RHB Eric D'Angle
|
0-0: Swinging Strike 0-1: SINGLE (Line Drive, 78S) Sixto Estrada to third Takashi Miike to second
|
Batting: LHB Alexis Raimbault
|
0-0: Ball 1-0: Called Strike 1-1: Foul Ball, location: 2F 1-2: Ball 2-2: Foul Ball, location: 2F 2-2: Ball 3-2: Foul Ball, location: 2F 3-2: Foul Ball, location: 2F 3-2: Strikes out swinging
|
Batting: RHB Juan Cabrera
|
0-0: Ball 1-0: Fly out, F7 (Flyball, 78S)
|
Batting: LHB Bartolo Benítez
|
0-0: Ball 1-0: Ball 2-0: Foul Ball, location: 2F 2-1: Called Strike 2-2: Ball 3-2: Foul Ball, location: 2F 3-2: Base on Balls Sixto Estrada scores Takashi Miike to third Eric D'Angle to second
|
Batting: LHB Yoichibei Sato
|
0-0: Called Strike 0-1: Called Strike 0-2: Strikes out swinging
|
Bottom of the 3rd over - 1 run, 3 hits, 0 errors, 3 left on base; Ft. Worth 0 - Detroit 1 |
TOP OF THE 4TH |
Ft. Worth Cattlemen batting - Pitching for Detroit Renaissance : RHP Maru Pao Pao
|
Batting: LHB Chris Etheridge
|
0-0: Ball 1-0: Swinging Strike 1-1: Swinging Strike 1-2: Strikes out swinging
|
Batting: RHB Bart Lewis
|
0-0: Ball 1-0: Called Strike 1-1: Ball 2-1: Ball 3-1: Fly out, F9 (Flyball, 89M)
|
Batting: LHB Rick Mayfield
|
0-0: Ball 1-0: Ball 2-0: Fly out, F4 (Line Drive, 4)
|
Top of the 4th over - 0 runs, 0 hits, 0 errors, 0 left on base; Ft. Worth 0 - Detroit 1 |
BOTTOM OF THE 4TH |
Detroit Renaissance batting - Pitching for Ft. Worth Cattlemen : RHP Jorge Rivera
|
Batting: RHB Quincy van Enk
|
0-0: Ball 1-0: Called Strike 1-1: Ball 2-1: Foul Ball, location: 2F 2-2: Strikes out swinging
|
Batting: RHB António Padilla
|
0-0: Swinging Strike 0-1: Ball 1-1: Ball 2-1: Foul Ball, location: 2F 2-2: Strikes out looking
|
Batting: RHB Sixto Estrada
|
0-0: Ball 1-0: Ball 2-0: Ball 3-0: Base on Balls
|
Batting: RHB Takashi Miike
|
0-0: Ball Sixto Estrada steals 2nd base 1-0: Ball 2-0: Called Strike 2-1: Ball 3-1: Fly out, F7 (Flyball, 7LMF)
|
Bottom of the 4th over - 0 runs, 0 hits, 0 errors, 1 left on base; Ft. Worth 0 - Detroit 1 |
TOP OF THE 5TH |
Ft. Worth Cattlemen batting - Pitching for Detroit Renaissance : RHP Maru Pao Pao
|
Batting: SHB Marcos Roa
|
0-0: Foul Ball, location: 2F 0-1: Swinging Strike 0-2: Ball 1-2: Ball 2-2: Foul Ball, location: 2F 2-2: Foul Ball, location: 2F 2-2: SINGLE (Line Drive, 78M)
|
Batting: RHB Gilberto Juárez
|
0-0: Ball 1-0: Bunted foul 1-1: Bunted foul 1-2: Ball 2-2: Strikes out swinging
|
Batting: LHB Nobuo Yamashita
|
0-0: Ball 1-0: Ball 2-0: Fielders Choice at 2nd, 6-4 (Groundball, 6)
|
Batting: SHB Javier Vázquez
|
0-0: Called Strike Nobuo Yamashita steals 2nd base 0-1: Ball 1-1: Foul Ball, location: 2F 1-2: Strikes out swinging
|
Top of the 5th over - 0 runs, 1 hit, 0 errors, 1 left on base; Ft. Worth 0 - Detroit 1 |
BOTTOM OF THE 5TH |
Detroit Renaissance batting - Pitching for Ft. Worth Cattlemen : RHP Jorge Rivera
|
Batting: RHB Eric D'Angle
|
0-0: Called Strike 0-1: Ball 1-1: Ground out 5-3 (Groundball, 5S)
|
Batting: LHB Alexis Raimbault
|
0-0: SOLO HOME RUN (Flyball, 89XD), Distance : 377 ft
|
Batting: RHB Juan Cabrera
|
0-0: Ball 1-0: Ball 2-0: SINGLE (Groundball, 6MD)
|
Batting: LHB Bartolo Benítez
|
0-0: Ball 1-0: Swinging Strike 1-1: Called Strike 1-2: Strikes out swinging
|
Batting: LHB Yoichibei Sato
|
0-0: SINGLE (Line Drive, 4MD) Juan Cabrera to second
|
Batting: RHB Quincy van Enk
|
0-0: Ball 1-0: Foul Ball, location: 2F 1-1: Swinging Strike 1-2: Ball 2-2: Strikes out looking
|
Bottom of the 5th over - 1 run, 3 hits, 0 errors, 2 left on base; Ft. Worth 0 - Detroit 2 |
TOP OF THE 6TH |
Ft. Worth Cattlemen batting - Pitching for Detroit Renaissance : RHP Maru Pao Pao
|
Batting: RHB Lloyd Alberink
|
0-0: Ball 1-0: Ball 2-0: Reached on error, E5 (Groundball, 56S)
|
Batting: LHB Jesús Morales
|
0-0: Swinging Strike 0-1: Called Strike 0-2: Strikes out swinging
|
Batting: LHB Chris Etheridge
|
0-0: Ground out 1-3 (Groundball, 13) Lloyd Alberink to third
|
Batting: RHB Bart Lewis
|
0-0: Swinging Strike 0-1: Ball 1-1: Fly out, F6 (Flyball, 6D)
|
Top of the 6th over - 0 runs, 0 hits, 1 error, 1 left on base; Ft. Worth 0 - Detroit 2 |
BOTTOM OF THE 6TH |
Detroit Renaissance batting - Pitching for Ft. Worth Cattlemen : RHP Jorge Rivera
|
Batting: RHB António Padilla
|
0-0: Ball 1-0: Ball 2-0: Foul Ball, location: 2F 2-1: Called Strike 2-2: Foul Ball, location: 2F 2-2: Ball 3-2: Base on Balls
|
Batting: RHB Sixto Estrada
|
0-0: Ball 1-0: Swinging Strike 1-1: Ball 2-1: Called Strike 2-2: SINGLE (Line Drive, 9S) António Padilla to second Runner from 2nd tries for 3rd, SAFE, no throw
|
Batting: RHB Takashi Miike
|
0-0: Ball 1-0: Foul Ball, location: 2F 1-1: Swinging Strike 1-2: Ball 2-2: Fly out, F8 (Line Drive, 8RS)
|
Pitching: RHP Roberto Cavazos
|
|
Batting: RHB Eric D'Angle
|
0-0: Ball 1-0: Called Strike Sixto Estrada steals 2nd base 1-1: Intentional Walk
|
Batting: LHB Alexis Raimbault
|
0-0: Swinging Strike 0-1: DOUBLE (Groundball, 3L) António Padilla scores Sixto Estrada scores Eric D'Angle to third Runner from 3rd tries for Home, SAFE, throw made at trailing runner, OUT at third!
|
Batting: RHB Juan Cabrera
|
0-0: Ball 1-0: Ball 2-0: Ground out 5-3 (Groundball, 56)
|
Bottom of the 6th over - 3 runs, 2 hits, 0 errors, 0 left on base; Ft. Worth 0 - Detroit 5 |
TOP OF THE 7TH |
Ft. Worth Cattlemen batting - Pitching for Detroit Renaissance : RHP Maru Pao Pao
|
Batting: LHB Rick Mayfield
|
0-0: Ball 1-0: Foul Ball, location: 2F 1-1: SINGLE (Line Drive, 8RS)
|
Batting: SHB Marcos Roa
|
0-0: Called Strike 0-1: Ball 1-1: Grounds into double play, 4-6-3 (Groundball, 34)
|
Batting: RHB Gilberto Juárez
|
0-0: Foul Ball, location: 2F 0-1: Ball 1-1: Ball 2-1: Swinging Strike 2-2: Fly out, F5 (Popup, 56S)
|
Top of the 7th over - 0 runs, 1 hit, 0 errors, 0 left on base; Ft. Worth 0 - Detroit 5 |
BOTTOM OF THE 7TH |
Detroit Renaissance batting - Pitching for Ft. Worth Cattlemen : RHP Roberto Cavazos
|
Batting: LHB Bartolo Benítez
|
0-0: Called Strike 0-1: Ball 1-1: Called Strike 1-2: Fly out, F8 (Flyball, 8LM)
|
Batting: LHB Yoichibei Sato
|
0-0: Ground out 3-1 (Groundball, 34)
|
Batting: RHB Quincy van Enk
|
0-0: Foul Ball, location: 2F 0-1: SINGLE (Groundball, 3D)
|
Batting: RHB António Padilla
|
0-0: Ball 1-0: Ball 2-0: Ball 3-0: Base on Balls Quincy van Enk to second
|
Batting: RHB Sixto Estrada
|
0-0: Ball 1-0: Ball 2-0: Ball 3-0: Base on Balls Quincy van Enk to third António Padilla to second
|
Batting: RHB Takashi Miike
|
0-0: Ball 1-0: Swinging Strike 1-1: Foul Ball, location: 2F 1-2: Strikes out looking
|
Bottom of the 7th over - 0 runs, 1 hit, 0 errors, 3 left on base; Ft. Worth 0 - Detroit 5 |
TOP OF THE 8TH |
Ft. Worth Cattlemen batting - Pitching for Detroit Renaissance : RHP Maru Pao Pao
|
Batting: LHB Nobuo Yamashita
|
0-0: Ball 1-0: Ground out 6-3 (Groundball, 6)
|
Batting: SHB Javier Vázquez
|
0-0: Foul Ball, location: 2F 0-1: Ball 1-1: Ball 2-1: Ball 3-1: Base on Balls
|
Batting: RHB Lloyd Alberink
|
0-0: Foul Ball, location: 2F 0-1: Ball 1-1: Called Strike 1-2: Strikes out swinging
|
Batting: LHB Jesús Morales
|
0-0: Foul Ball, location: 2F 0-1: Fly out, F8 (Flyball, 8LD)
|
Top of the 8th over - 0 runs, 0 hits, 0 errors, 1 left on base; Ft. Worth 0 - Detroit 5 |
BOTTOM OF THE 8TH |
Detroit Renaissance batting - Pitching for Ft. Worth Cattlemen : RHP Roberto Cavazos
|
Batting: RHB Eric D'Angle
|
0-0: Ball 1-0: Called Strike 1-1: Foul Ball, location: 2F 1-2: SINGLE (Line Drive, 8LS)
|
Batting: LHB Alexis Raimbault
|
0-0: Swinging Strike 0-1: Fielders Choice at 2nd, 3-6 (Groundball, 3)
|
Batting: RHB Juan Cabrera
|
0-0: Called Strike 0-1: Called Strike 0-2: SINGLE (Line Drive, 78S) Alexis Raimbault to second
|
Batting: LHB Bartolo Benítez
|
0-0: Swinging Strike 0-1: Foul Ball, location: 2F 0-2: SINGLE (Groundball, 4MD) Alexis Raimbault to third Juan Cabrera to second Runner from 3rd tries for Home, SAFE, no throw
|
Batting: LHB Yoichibei Sato
|
0-0: Foul Ball, location: 2F 0-1: Foul Ball, location: 2F 0-2: Ball 1-2: Fielders Choice at 2nd, 6-4 (Groundball, 56) Juan Cabrera to third
|
Batting: RHB Quincy van Enk
|
0-0: Ball 1-0: Called Strike 1-1: Ball 2-1: Ball 3-1: Fly out, F9 (Flyball, 9LS)
|
Bottom of the 8th over - 1 run, 3 hits, 0 errors, 2 left on base; Ft. Worth 0 - Detroit 6 |
TOP OF THE 9TH |
Ft. Worth Cattlemen batting - Pitching for Detroit Renaissance : RHP Maru Pao Pao
|
Now at 1B: Cisco Padilla
|
|
Batting: LHB Chris Etheridge
|
0-0: Foul Ball, location: 2F 0-1: Swinging Strike 0-2: Strikes out looking
|
Batting: RHB Bart Lewis
|
0-0: Ball 1-0: Foul Ball, location: 2F 1-1: Swinging Strike 1-2: Ball 2-2: Foul Ball, location: 2F 2-2: SINGLE (Line Drive, 6M)
|
Batting: LHB Rick Mayfield
|
0-0: Called Strike 0-1: Ball 1-1: Foul Ball, location: 2F 1-2: Strikes out looking
|
Batting: SHB Marcos Roa
|
0-0: Called Strike 0-1: Ball 1-1: Fly out, F4 (Popup, 4MS)
|
Top of the 9th over - 0 runs, 1 hit, 0 errors, 1 left on base; Ft. Worth 0 - Detroit 6 |
|